 Dungeon Crawl Stone Soup version 0.27.1-37-g7b29ead8ac (console) character file.

Game seed: 193626946190728901

14 grimtooth the Sneak (level 2, -3/15 HPs)
             Began as a Kobold Enchanter on July 3, 2023.
             Slain by a kobold (5 damage)
             ... on level 1 of the Dungeon.
             The game lasted 00:01:19 (587 turns).

grimtooth the Sneak (Kobold Enchanter)               Turns: 587, Time: 00:01:20

Health: -3/15      AC:  2    Str:  5    XL:     2   Next: 55%
Magic:  2/5        EV: 15    Int: 16    God:
Gold:   25         SH:  0    Dex: 15    Spells: 4/5 levels left

rFire    . . .     SeeInvis .   a - +1 dagger
rCold    . . .     Faith    .   (shield restricted)
rNeg     . . .     Spirit   .   b - +0 robe
rPois    .         Reflect  .   (no helmet)
rElec    .         Harm     .   (no cloak)
rCorr    .         Rampage  .   (no gloves)
Will     .....                  (no boots)
Stlth    ++++......             (no amulet)
HPRegen  0.05/turn              (no ring)
MPRegen  0.09/turn              (no ring)

@: very slightly contaminated
A: small, no large weapons, nightstalker 3
a: no special abilities


You were on level 1 of the Dungeon.
You visited 1 branch of the dungeon, and saw 1 of its levels.

You collected 25 gold pieces.

Inventory:

Hand Weapons
 a - a +1 dagger (weapon)
Missiles
 d - 8 silver boomerangs
 e - 30 stones
 f - 16 sling bullets
Armour
 b - a +0 robe (worn)
Scrolls
 c - a scroll of identify {unknown}
Potions
 g - a potion of cancellation {unknown}
 h - a potion of degeneration {unknown}


   Skills:
 - Level 1.3 Short Blades
 - Level 2.4 Dodging
 + Level 4.4 Stealth
 - Level 2.1 Spellcasting
 * Level 3.5 Hexes


You had 4 spell levels left.
You knew the following spells:

 Your Spells              Type           Power      Damage    Failure   Level
a - Corona                Hex            14%        N/A       4%          1

Your spell library contained the following spells:

 Spells                   Type           Power      Damage    Failure   Level
 Confusing Touch          Hex            13%        N/A       14%         3
 Tukima's Dance           Hex            13%        N/A       14%         3
 Ensorcelled Hibernation  Hex/Ice        14%        N/A       16%         2
 Dazzling Flash           Conj/Hex       14%        N/A       30%         3


Dungeon Overview and Level Annotations

Branches:
Dungeon (1/15)

Altars:


Innate Abilities, Weirdness & Mutations

You are small and have problems with some larger weapons.
You are completely attuned to the shadows.


Message History

You hit the goblin.
The goblin is heavily wounded.
The goblin hits you with a +0 club.
You hit the goblin.
You kill the goblin!
The bat hits you but does no damage. The bat closely misses you.
You miss the bat. The bat barely misses you. The bat misses you.
You see here a +0 club.
Casting: Corona (safe; 4% risk of failure)
Confirm with . or Enter, or press ? or * to list all spells.
Aiming: Corona (safe; 4% risk of failure)
Press: ? - help, Shift-Dir - straight line, f - bat
Aim: a bat (chance to affect: 66%)
The bat is outlined in light.
The bat completely misses you.
A kobold comes into view. It is wielding a +4 short sword.
The bat closely misses you. The bat hits you.
You hit the bat.
The bat is heavily wounded.
The bat completely misses you. The bat closely misses you.
You hit the bat.
You kill the bat!
You barely miss the kobold. The kobold misses you.
You closely miss the kobold. The kobold misses you.
Casting: Corona (safe; 4% risk of failure)
Confirm with . or Enter, or press ? or * to list all spells.
Aiming: Corona (safe; 4% risk of failure)
Press: ? - help, Shift-Dir - straight line, f - kobold
Aim: a kobold, wielding a +4 short sword and quivering stones (chance to affect: 67%)
You miscast Corona.
You are very lightly contaminated with residual magic.
Nothing appears to happen.
The kobold closely misses you.
You hit the kobold but do no damage.
The kobold hits you with a +4 short sword.
* * * LOW HITPOINT WARNING * * *
You barely miss the kobold.
The kobold hits you with a +4 short sword.
You die...

#. .# #. ##.#.#
#. ##....#
#.##K....#
#........#
#.######.#.....#
#....@K).#....##
##########.#.##
#†#.# #.#.#
#.#.# ..#.# #.#
# ########.##
...# #.........#
##.# #.######.##
.#.###### #.#
###


You could see a kobold.

Vanquished Creatures
  2 bats (D:1)
  2 endoplasms (D:1)
  A goblin (D:1)
  A hobgoblin (D:1)
  2 quokkas (D:1)
  2 ball pythons (D:1)
  A kobold (D:1)
  A rat (D:1)
12 creatures vanquished.

Notes
Turn   | Place    | Note
-------+----------+-------------------------------------------
     0 | D:1      | grimtooth the Kobold Enchanter began the quest for the Orb.
     0 | D:1      | Reached XP level 1. HP: 10/10 MP: 3/3
   378 | D:1      | Reached XP level 2. HP: 15/15 MP: 5/5
   587 | D:1      | Slain by a kobold

Illustrated notes

Levels and vault maps discovered:
D:1:      dpeg_arrival_stone_temple_mockup, layout_loops_ring,
          hellmonk_ecumenical_altar_crossroads, st_stairs_3

Action                   || total
-------------------------++-------
Melee: Dagger            ||    37
 Cast: Corona            ||     5
 Stab: Sleeping          ||     8
Armor: Robe              ||     7
Dodge: Dodged            ||    32
